 Dungeon Crawl Stone Soup version 0.23.2-30-g0e89c35649 (webtiles) character file.

Game seed: 15241505420545899404

58 troglodite the Charmwright (level 3, 0/29 HPs)
             Began as a Demigod Skald on June 24, 2019.
             Slain by a goblin
             ... wielding a cursed +0 hunting sling
              (1 damage)
             ... on level 2 of the Dungeon.
             The game lasted 00:06:25 (2504 turns).

troglodite the Charmwright (Demigod Skald)          Turns: 2504, Time: 00:06:25

Health: 0/29       AC:  6    Str: 14    XL:     3   Next: 51%
Magic:  2/8        EV: 11    Int: 19    God:
Gold:   58         SH:  0    Dex: 15    Spells: 2/6 levels left

rFire    . . .     SeeInvis .   a - +0 spear
rCold    . . .     Gourm    .   (no shield)
rNeg     . . .     Faith    .   j - +0 ring mail
rPois    .         Spirit   .   (no helmet)
rElec    .         Reflect  .   (no cloak)
rCorr    .         Harm     .   (no gloves)
MR       .....                  c - +0 pair of boots
Stlth    +.........             (no amulet)
HPRegen  0.09/turn              (no ring)
MPRegen  0.11/turn              (no ring)

@: infused
A: high mp 1
a: no special abilities


You were on level 2 of the Dungeon.
You were very hungry.

You visited 1 branch of the dungeon, and saw 2 of its levels.

You collected 58 gold pieces.

Inventory:

Hand Weapons
 a - a +0 spear (weapon)
Armour
 c - a +0 pair of boots (worn)
 j - a +0 ring mail (worn)
Scrolls
 b - a scroll of immolation {unknown}
 f - 3 scrolls of identify {unknown}
 g - a scroll of teleportation {unknown}
 k - 3 scrolls of amnesia {unknown}
 l - a scroll of fear {unknown}
Potions
 e - a potion of curing {unknown}
 h - a potion of degeneration {unknown}
Comestibles
 d - 3 rations


   Skills:
 * Level 2.0 Fighting
 + Level 2.3 Polearms
 * Level 1.4 Armour
 + Level 2.0 Dodging
 + Level 0.4 Stealth
 * Level 2.2 Spellcasting
 * Level 0.1 Hexes
 * Level 3.0 Charms


You had 2 spell levels left.
You knew the following spells:

 Your Spells              Type           Power        Failure   Level  Hunger
a - Infusion              Chrm           ##..         10%         1    #......
b - Spectral Weapon       Hex/Chrm       #.......     47%         3    ###....

Your spell library contained the following spells:

 Spells                   Type           Power        Failure   Level  Hunger
 Song of Slaying          Chrm           ##......     14%         2    ##.....
 Shroud of Golubria       Chrm/Tloc      #.........   26%         2    ##.....
 Regeneration             Chrm/Necr      #.........   47%         3    ###....


Dungeon Overview and Level Annotations

Branches:
Dungeon (2/15)


Innate Abilities, Weirdness & Mutations

You have an increased reservoir of magic. (+10% MP)


Message History

You hit the bat.
You kill the bat!
The goblin shoots a stone.
The stone hits you.
You barely miss the worm.
The goblin shoots a stone.
The stone hits you but does no damage. The worm completely misses you.
You barely miss the worm.
Your ring mail prevents you from hitting the worm.
The goblin barely misses you. The worm closely misses you.
You hit the worm.
The worm is moderately wounded.
The goblin barely misses you.
You hit the worm.
The worm is heavily wounded.
The worm bites you!
* * * LOW HITPOINT WARNING * * *
The goblin barely misses you.
You hit the worm.
The worm is heavily wounded.
The goblin hits you with a cursed +0 hunting sling.
You die...

....÷.# #..# ..
####..# #..# .♣
#....###..####.♣♣
##.##............♣
.....###..####.♣♣♣
##.#.......#..♣♣ ♣♣♣
...........#.#(♣♣..♣
##.##..#...#..♣.♣).♣
#.##......#..♣♣@.♣
#.##......#.#..gw♣
#.##......#.#.(...♣
##<##......#.#.#.....
..........<#.#........
######.....#
####.###.#
.....#...#.# .# ...
...........# .# ##
####.#..####


You could see a worm and a goblin.

Vanquished Creatures
  An adder (D:2)
  3 worms (D:2)
  2 dart slugs (D:1)
  A leopard gecko (D:1)
  2 goblins
  7 hobgoblins
  7 kobolds
  2 ball pythons
  3 bats
  6 frilled lizards
  3 rats
37 creatures vanquished.

Notes
Turn   | Place    | Note
-------+----------+-------------------------------------------
     0 | D:1      | troglodite the Demigod Skald began the quest for the Orb.
     0 | D:1      | Reached XP level 1. HP: 17/17 MP: 5/5
   741 | D:1      | Reached skill level 1 in Armour
   741 | D:1      | Reached XP level 2. HP: 24/24 MP: 7/7
  1075 | D:1      | Reached skill level 3 in Charms
  1642 | D:2      | Reached XP level 3. HP: 24/29 MP: 8/8
  1647 | D:2      | Learned a level 3 spell: Spectral Weapon
  2503 | D:2      | HP: 1/29 [worm (10)]
  2504 | D:2      | Slain by a goblin

Skill      XL: |  1  2  3 |
---------------+----------+-----
Spellcasting   | 2 |  2.2
Armour         | 1 |  1.4
Polearms       | 2 |  2.3
Charms         | 3 |  3.0
Fighting       | 2 |  2.0
Dodging        | 2 |  2.0
Stealth        | |  0.4
Hexes          | |  0.1

Action                   || total
-------------------------++-------
Melee: Spear             ||   177
 Cast: Infusion          ||     1
 Stab: Sleeping          ||     3
  Eat: Chunk             ||     4
Armor: Leather armour    ||    11
       Ring mail         ||    27
Dodge: Dodged            ||    95
